 Dungeon Crawl Stone Soup version 0.25.0-9-g26727b657a (webtiles) character file.

Game seed: 15395263843523525917

273 ANON1729 the Skirmisher (level 6, 0/52 HPs)
             Began as a Centaur Abyssal Knight on June 19, 2020.
             Was a Believer of Lugonu.
             Slain by an ogre
             ... wielding a +0 giant club
              (13 damage)
             ... on level 4 of the Dungeon.
             The game lasted 00:05:01 (3817 turns).

ANON1729 the Skirmisher (Centaur Abyssal Knight)    Turns: 3817, Time: 00:05:02

Health: 0/52       AC:  8    Str: 17    XL:     6   Next: 3%
Magic:  8/8        EV:  8    Int: 11    God:    Lugonu [**....]
Gold:   132        SH:  0    Dex:  8    Spells: 5/5 levels left

rFire    + . .     SeeInvis .   r - +2 hand crossbow (freeze)
rCold    . . .     Gourm    .   (no shield)
rNeg     . . .     Faith    .   l - +2 scale mail {rF+}
rPois    .         Spirit   .   (no helmet)
rElec    .         Reflect  .   (no cloak)
rCorr    .         Harm     .   (no gloves)
MR       .....                  (no barding)
Stlth    ..........             (no amulet)
HPRegen  0.17/turn              (no ring)
MPRegen  0.11/turn              (no ring)

@: very quick
A: large, hooves 3, deformed body, speed 2, tough skin 3
a: Depart the Abyss, Bend Space, Renounce Religion


You were on level 4 of the Dungeon.
You worshipped Lugonu.
Lugonu was pleased with you.
You were not hungry.

You visited 1 branch of the dungeon, and saw 4 of its levels.
You visited the Abyss 1 time.

You collected 132 gold pieces.

Inventory:

Hand Weapons
 a - a +1 hand axe
 r - a +2 hand crossbow of freezing (weapon)
Missiles
 n - 4 bolts (quivered)
Armour
 b - a +0 leather armour
 l - a +2 scale mail of fire resistance (worn)
Wands
 k - a wand of iceblast (8)
Scrolls
 d - 2 scrolls of remove curse {unknown}
 g - 5 scrolls of teleportation {unknown}
 h - 5 scrolls of identify {unknown}
 o - a scroll of noise {unknown}
 p - a scroll of magic mapping {unknown}
 s - a scroll of immolation {unknown}
Potions
 e - a potion of degeneration {unknown}
 f - 3 potions of berserk rage {unknown}
 i - a potion of magic {unknown}
 j - a potion of cancellation {unknown}
 m - 2 potions of mutation {unknown}
 q - 2 potions of lignification {unknown}
 t - a potion of curing {unknown}
Comestibles
 c - 6 rations


   Skills:
 + Level 3.9 Fighting
 + Level 2.9 Axes
 + Level 0.2 Crossbows
 + Level 2.4 Throwing
 - Level 2.0 Armour
 + Level 1.9 Dodging
 + Level 3.3 Invocations


You had 5 spell levels left.
You didn't know any spells.
Your spell library was empty.

Dungeon Overview and Level Annotations

Branches:
Dungeon (4/15)
 Temple: D:4-7

Altars:
Dithmenos
Okawaru


Innate Abilities, Weirdness & Mutations

You have hooves in place of feet.
Armour fits poorly on your strangely shaped body.
You cover ground very quickly.
You have extremely tough skin. (AC +3)


Message History

You shoot a bolt.
The bolt hits the ogre but does no damage.
The ogre is severely wounded.
You start resting.
The ogre is too close now for your liking.
Firing (i - inventory)
n - 7 bolts (quivered)
Press: ? - help, Shift-Dir - straight line, f/p - ogre
Aim: an ogre, wielding a +0 giant club (severely wounded)
You shoot a bolt. The bolt hits the ogre.
The bolt freezes the ogre.
The ogre is almost dead.
Firing (i - inventory)
n - 6 bolts (quivered)
Press: ? - help, Shift-Dir - straight line, f/p - ogre
Aim: an ogre, wielding a +0 giant club (almost dead)
You shoot a bolt. The bolt barely misses the ogre.
Firing (i - inventory)
n - 5 bolts (quivered)
Press: ? - help, Shift-Dir - straight line, f/p - ogre
Aim: an ogre, wielding a +0 giant club (almost dead)
You shoot a bolt. The bolt closely misses the ogre.
The ogre hits you with a +0 giant club!
You die...

#.######## #####
#.......(###
....##########.#(#
.............#.#.#####
....###..###.#.#.(...#
...<# #....#.#.#.###.#
###.# ##.#.#.#.#.# #.#
#.# #.#.#.#.#O# #.#
#.# #.#...#(#@# #O#
#.####.###.....# #.#
#....#.# #.#.#####.#
####.#.# #.#.......#
#.#.###.#########
#.#.....# #.#######
#.# ######.#


You could see an ogre.

Vanquished Creatures
  A bullfrog (D:2)
  An orc wizard (D:3)
  A centaur skeleton (D:4)
  Terence (D:2)
  5 adders
  2 oozes
  A worm (D:2)
  A dart slug (D:3)
  4 leopard geckos
  4 orcs (D:3)
  3 giant cockroaches
  12 goblins
  7 hobgoblins
  2 quokkas (D:2)
  6 bats
  A frilled lizard (D:2)
  5 kobolds
  9 rats
66 creatures vanquished.

Notes
Turn   | Place    | Note
-------+----------+-------------------------------------------
     0 | Abyss:1  | ANON1729 the Centaur Abyssal Knight began the quest for the
                  | Orb.
     0 | Abyss:1  | Reached XP level 1. HP: 19/19 MP: 2/2
    76 | Abyss:1  | Noticed a thrashing horror
    88 | Abyss:1  | Noticed a tentacled starspawn
    89 | D:1      | Escaped the Abyss
   727 | D:1      | Reached * piety under Lugonu
   892 | D:1      | Reached XP level 2. HP: 26/26 MP: 3/3
  1404 | D:2      | Reached skill level 1 in Dodging
  1404 | D:2      | Reached XP level 3. HP: 28/31 MP: 4/4
  1410 | D:2      | Found an iron altar of Okawaru.
  1522 | D:2      | Noticed a bullfrog
  1560 | D:2      | Killed a bullfrog
  1560 | D:2      | Reached skill level 1 in Throwing
  1560 | D:2      | Reached XP level 4. HP: 34/38 MP: 4/6
  1646 | D:2      | Noticed Terence
  1667 | D:2      | Killed Terence
  2084 | D:2      | Reached XP level 5. HP: 35/45 MP: 7/7
  2412 | D:2      | Reached ** piety under Lugonu
  3077 | D:3      | Found a faded altar of an unknown god.
  3563 | D:3      | Found a shadowy altar of Dithmenos.
  3627 | D:4      | Reached XP level 6. HP: 45/52 MP: 8/8
  3817 | D:4      | Slain by an ogre

Illustrated notes

Levels and vault maps discovered:
D:1:      tarquinn_simple_flora_water_b, layout_basic, st_stairs_4
D:2:      layout_loops_ring, old_standard_altar, st_stairs_13, uniq_terence
D:3:      layout_basic, nicolae_dithmenos_through_a_glass_darkly,
          chequers_ecumenical_altar_simple_redux
D:4:      cheibrodos_thug_alley, layout_basic, overflow_temple_1_default,
          first_ration, serial_shops, nicolae_shop_statue_plus, uniq_edmund

Skill      XL: |  1  2  3  4  5 |
---------------+----------------+-----
Axes           | 2 |  2.9
Dodging        | 1 |  1.9
Throwing       | 1 2 |  2.4
Armour         | 2 |  2.0
Invocations    | 3 |  3.3
Fighting       | |  3.9
Crossbows      | |  0.2

Action                   |  1- 3 |  4- 6 || total
-------------------------+-------+-------++-------
Melee: Hand axe          |    62 |   145 ||   207
       Kick              |     8 |    31 ||    39
 Fire: Hand crossbow     |       |     6 ||     6
Invok: Depart the Abyss  |     1 |       ||     1
Evoke: Wand              |     1 |       ||     1
  Eat: Chunk             |     1 |     7 ||     8
Armor: Leather armour    |    16 |     4 ||    20
       Scale mail        |       |    65 ||    65
Dodge: Dodged            |    37 |    56 ||    93
